 Dungeon Crawl Stone Soup version 0.23.2-40-g277498a001 (webtiles) character file.

Game seed: 281955126896100659

422 Emblim88 the Shooter (level 6, -7/30 HPs)
             Began as a Spriggan Hunter on Aug 17, 2019.
             Mangled by a slave (8 damage)
             ... led by Pikel
             ... on level 3 of the Dungeon.
             The game lasted 00:10:59 (4850 turns).

Emblim88 the Shooter (Spriggan Hunter)              Turns: 4850, Time: 00:10:59

Health: -7/30      AC:  5    Str:  8    XL:     6   Next: 63%
Magic:  0/7        EV: 21    Int: 13    God:
Gold:   161        SH:  0    Dex: 18    Spells: 5/5 levels left

rFire    x . .     SeeInvis +   a - +1 shortbow
rCold    + . .     Gourm    .   (shield currently unavailable)
rNeg     . . .     Faith    .   c - +0 robe
rPois    .         Spirit   +   (helmet restricted)
rElec    .         Reflect  .   h - +2 cloak {MR+}
rCorr    .         Harm     .   (gloves unavailable)
MR       ++...                  (boots unavailable)
Stlth    ++++......             C - amulet of guardian spirit
HPRegen  0.10/turn              t - ring of ice
MPRegen  0.10/turn              B - ring of wizardry

@: very quick
A: very small, unfitting armour, see invisible, herbivore, speed 3, slow
metabolism 2
a: no special abilities


You were on level 3 of the Dungeon.
You were hungry.

You visited 1 branch of the dungeon, and saw 4 of its levels.

You collected 161 gold pieces.

Inventory:

Hand Weapons
 a - a +1 shortbow (weapon)
 b - a +0 short sword
 n - a cursed -2 dagger
 x - a +0 hunting sling
Missiles
 d - 97 stones (quivered)
Armour
 c - a +0 robe (worn)
 h - a +2 cloak of magic resistance (worn)
Jewellery
 t - a ring of ice (left hand)
 B - a ring of wizardry (right hand)
 C - an amulet of guardian spirit (around neck)
Scrolls
 e - a scroll of fog
 k - 4 scrolls of identify
 m - 2 scrolls of noise
 o - 2 scrolls of remove curse
 p - 4 scrolls of teleportation
 q - 3 scrolls of amnesia
 w - a scroll of immolation
 y - a scroll of magic mapping
Potions
 i - a potion of mutation {unknown}
 j - a potion of lignification {unknown}
 l - 3 potions of might
 r - a potion of resistance {unknown}
 s - a potion of brilliance {unknown}
 u - a potion of berserk rage {unknown}
 v - a potion of ambrosia {unknown}
 z - a potion of degeneration {unknown}
 A - 2 potions of haste {unknown}
 D - a potion of heal wounds {unknown}
Comestibles
 f - 5 rations


   Skills:
 - Level 1.5 Fighting
 * Level 7.1 Bows
 + Level 5.2 Dodging
 * Level 7.0 Stealth


You had 5 spell levels left.
You didn't know any spells.
Your spell library contained the following spells:

 Spells                   Type           Power        Failure   Level  Hunger
 Flame Tongue             Conj/Fire      #....        12%         1    ##.....
 Throw Flame              Conj/Fire      #.....       19%         2    ###....
 Conjure Flame            Conj/Fire      #.......     34%         3    ####...
 Inner Flame              Hex/Fire       #.......     34%         3    ####...
 Sticky Flame             Conj/Fire      #.......     73%         4    #####..
 Fireball                 Conj/Fire      #.........   96%         5    ######.


Dungeon Overview and Level Annotations

Branches:
Dungeon (4/15)
 Temple: D:4-7

Altars:
Cheibriados

Annotations:
D:3 Pikel


Innate Abilities, Weirdness & Mutations

You are very small and have problems with some larger weapons.
You are too small for most types of armour.
You have supernaturally acute eyesight. (SInv)
You are a herbivore.
You cover ground extremely quickly.
You need to consume almost no food.


Message History

Pikel burns you.
* * * LOW HITPOINT WARNING * * *
The slave hits you but does no damage.
Unknown command.
Throwing (i - inventory)
d - 99 stones (quivered)
Press: ? - help, Shift-Dir - straight line, f/p - Pikel
Aim: Pikel, wielding a +1 whip of flaming and wearing a cursed -2 robe (moderately wounded)
You throw a stone.
The stone hits Pikel but does no damage.
Pikel is moderately wounded.
Pikel completely misses you. The slave hits you.
* * * LOW HITPOINT WARNING * * *
Pikel completely misses you.
Throwing (i - inventory)
d - 98 stones (quivered)
Press: ? - help, Shift-Dir - straight line, f/p - Pikel
Aim: Pikel, wielding a +1 whip of flaming and wearing a cursed -2 robe (moderately wounded)
You throw a stone. The stone hits Pikel.
Pikel is moderately wounded.
The slave hits you!
You die...

..........#### ###....#...##
.....<.##'## #.<.(##......
......##...## #.##.##.##.##
.....##.....## #####(##.##.....#
....##(8...8.####....(##.#...##..
...##.#.....#.##.....((#...######
...#...8...8...#...........# #
...+...........'.K(.....(### #
...#...8...8...#@p..((...########
..###.#.....#.##.....((..........
..# ##.8...8.##.........########.
..# ##.....##.......((#####.....
..######...####(..)..........##..
..(<(((##'##..#..(....(..#####...
.######.(.((..#..(......## ###...
.# ##.#...((.(((.(...####..... ##
#.#...............#.......


You could see Pikel and a slave.

Vanquished Creatures
  2 slaves (D:4)
  A phantom (D:4)
  A bullfrog zombie (D:3)
  A bullfrog skeleton (D:4)
  A jelly (D:4)
  A centaur skeleton (D:3)
  A worker ant (D:4)
  10 adders
  2 oozes (D:3)
  3 worms
  A dart slug (D:2)
  3 leopard geckos
  5 orcs
  2 giant cockroaches
  8 goblins
  13 hobgoblins
  2 jackals (D:3)
  8 kobolds
  3 quokkas
  2 ball pythons
  A ball python skeleton (D:4)
  8 bats
  3 frilled lizards
  10 rats
92 creatures vanquished.

Notes
Turn   | Place    | Note
-------+----------+-------------------------------------------
     0 | D:1      | Emblim88 the Spriggan Hunter began the quest for the Orb.
     0 | D:1      | Reached XP level 1. HP: 10/10 MP: 2/2
   159 | D:1      | Reached skill level 5 in Bows
   164 | D:1      | Reached XP level 2. HP: 14/14 MP: 3/3
  1151 | D:2      | Reached XP level 3. HP: 18/18 MP: 4/4
  1919 | D:2      | Reached XP level 4. HP: 22/22 MP: 5/5
  2738 | D:3      | Reached skill level 5 in Stealth
  2738 | D:3      | Reached XP level 5. HP: 18/25 MP: 6/6
  3696 | D:3      | Found a snail-covered altar of Cheibriados.
  3859 | D:4      | Noticed a phantom
  3878 | D:4      | Killed a phantom
  3878 | D:4      | Reached XP level 6. HP: 8/30 MP: 7/7
  4219 | D:4      | Reached skill level 5 in Dodging
  4415 | D:4      | Noticed a slave
  4485 | D:4      | Noticed a slave
  4530 | D:4      | Killed a slave
  4566 | D:4      | Noticed a slave
  4571 | D:4      | Noticed a slave
  4573 | D:4      | Noticed Pikel
  4595 | D:4      | Killed a slave
  4849 | D:3      | HP: 1/30 [slave[Pikel] (3)]
  4850 | D:3      | Mangled by a slave

Skill      XL: |  1  2  3  4  5  6 |
---------------+-------------------+-----
Stealth        | 2 3 4 5 6 7 |  7.0
Bows           | 5 6 7 |  7.1
Dodging        | 4 5 |  5.2
Fighting       | |  1.5

Action                   |  1- 3 |  4- 6 || total
-------------------------+-------+-------++-------
Melee: Shortbow          |    15 |     4 ||    19
 Fire: Shortbow          |   120 |   247 ||   367
Throw: Stone             |    46 |    99 ||   145
  Use: Scroll            |       |     8 ||     8
       Potion            |       |     1 ||     1
Armor: Robe              |    12 |    15 ||    27
Dodge: Dodged            |    82 |   137 ||   219
